 Dungeon Crawl Stone Soup version 0.31-a0-237-g2d982f9f85 (webtiles) character file.

Game seed: 14330399841954896625

1124 garrulousMonolith the Firebug (level 8, -7/60 HPs)
             Began as a Gnoll Fire Elementalist on July 11, 2023.
             Was an Initiate of Ashenzari.
             Mangled by a gargoyle
             ... wielding a +0 morningstar
              (28 damage)
             ... on level 6 of the Dungeon.
             The game lasted 00:08:55 (6766 turns).

garrulousMonolith the Firebug (GnFE)                Turns: 6766, Time: 00:08:55

Health: -7/60      AC:  7    Str:  9    XL:     8   Next: 35%
Magic:  5/17       EV: 14    Int: 16    God:    Ashenzari [......]
Gold:   270        SH:  0    Dex: 12    Spells: 13/19 levels left

rFire   . . .        c - +1 short sword
rCold   . . .        (no shield)
rNeg    . . .        h - +1 robe {Will+}
rPois   .            (no helmet)
rElec   .            (no cloak)
rCorr   .            (no gloves)
SInv    .            (no boots)
Will    +....        (no amulet)
Stlth   +++          r - ring "Ruined Visionary" {AC+4, Cun, Self} (curse)
HPRegen 0.30/turn    (no ring)
MPRegen 0.15/turn

%: no passive effects
@: no status effects
A: fangs 1, strong nose, distributed training
a: Renounce Religion, Curse Item, Shatter the Chains


You were on level 6 of the Dungeon.
You worshipped Ashenzari.
Ashenzari was noncommittal.
You visited 1 branch of the dungeon, and saw 6 of its levels.

You collected 325 gold pieces.
You spent 55 gold pieces at shops.

Inventory:

Hand Weapons
 c - a +1 short sword (weapon)
 f - a +2 flail of protection
Armour
 h - a +1 robe of willpower (worn)
 i - a +0 leather armour
Jewellery
 r - the cursed ring "Ruined Visionary" (left hand) {AC+4, Cun, Self}
   (You found it on level 4 of the Dungeon)

   [ring of protection]

   AC:        It affects your AC (+4).
   It has a curse which improves the following skills: Cunning: Dodging and
   Stealth.
   Introspection: Fighting and Spellcasting.
 x - a ring of fire
Wands
 v - a wand of polymorph (6)
Scrolls
 d - a scroll of poison {unknown}
 e - 4 scrolls of noise
 g - a scroll of teleportation
 j - a scroll of acquirement {unknown}
 k - a scroll of torment {unknown}
 m - a scroll of fog {unknown}
 n - a scroll of amnesia {unknown}
Potions
 b - a potion of mutation
 l - 2 potions of haste {unknown}
 o - a potion of ambrosia {unknown}
 p - 4 potions of curing
 q - a potion of berserk rage {unknown}
 t - a potion of resistance {unknown}
 u - a potion of brilliance {unknown}
 w - a potion of degeneration {unknown}


   Skills:
 + Level 3.3(3.6) Fighting
 + Level 3.3 Short Blades
 + Level 3.3 Long Blades
 + Level 3.3 Axes
 + Level 3.3 Maces & Flails
 + Level 3.3 Polearms
 + Level 3.3 Staves
 + Level 3.3 Ranged Weapons
 + Level 3.3 Throwing
 + Level 3.3 Armour
 + Level 5.7(6.1) Dodging
 + Level 5.4(5.8) Stealth
 + Level 3.3 Shields
 + Level 3.3 Unarmed Combat
 + Level 6.0(6.4) Spellcasting
 + Level 3.5 Conjurations
 + Level 2.7 Hexes
 + Level 2.7 Summonings
 + Level 2.7 Necromancy
 + Level 2.7 Translocations
 + Level 2.7 Transmutations
 + Level 6.1 Fire Magic
 + Level 2.7 Ice Magic
 + Level 2.7 Air Magic
 + Level 2.7 Earth Magic
 + Level 2.7 Poison Magic
 + Level 3.6 Invocations
 + Level 3.3 Evocations


You had 13 spell levels left.
You knew the following spells:

 Your Spells              Type           Power      Damage    Failure   Level
a - Foxfire               Conj/Fire      80%        2x1d8     1%          1
b - Scorch                Fire           48%        2d7       1%          2
c - Volatile Blastmotes   Fire/Tloc      38%        2d13      6%          3

Your spell library contained the following spells:

 Spells                   Type           Power      Damage    Failure   Level
 Inner Flame              Hex/Fire       19%        N/A       6%          3
 Sublimation of Blood     Necr           13%        N/A       7%          2
 Wereblood                Tmut           13%        N/A       7%          2
 Vhi's Electric Charge    Tloc/Air       26%        N/A       13%         3
 Flame Wave               Conj/Fire      20%        2d7       19%         4
 Arcjolt                  Conj/Air       7%         1d17      71%         5
 Plasma Beam              Fire/Air       9%         2x1d20    97%         6
 Summon Hydra             Summ           6%         N/A       100%        7


Dungeon Overview and Level Annotations

Branches:
Dungeon (6/15)
 Temple: D:4-7

Altars:
Ashenzari
Dithmenos
Elyvilon
Hepliaklqana
Kikubaaqudgha
Makhleb
Nemelex Xobeh
Sif Muna
Uskayaw
Vehumet

Shops:
D:2 ?

Annotations:
D:4 3 runed translucent doors, olmar's ghost, amateur AtFi


Innate Abilities, Weirdness & Mutations

You have very sharp teeth.
Your uncanny sense of smell can sniff out nearby items.
Your experience applies equally to all skills.


Message History

The gargoyle hurls a stone arrow at you.
The stone arrow hits you!
Casting: Foxfire (safe; 1% risk of failure)
Confirm with . or Enter, or press ? or * to list all spells.
Flames lash the gargoyle but do no damage.
The gargoyle hurls a stone arrow at you.
The stone arrow misses you.
Casting: Scorch (safe; 1% risk of failure)
Confirm with . or Enter, or press ? or * to list all spells.
A cloud of volatile blastmotes flares up around you!
The gargoyle attacks as you move away! The gargoyle closely misses you.
Casting: Volatile Blastmotes (dangerous; 6% risk of failure)
Confirm with . or Enter, or press ? or * to list all spells.
Flames lash the gargoyle.
The gargoyle is lightly damaged.
The gargoyle's fire resistance burns away.
The gargoyle closely misses you.
The gargoyle hurls a stone arrow at you.
The stone arrow misses you.
Casting: Scorch (safe; 1% risk of failure)
Confirm with . or Enter, or press ? or * to list all spells.
A cloud of volatile blastmotes flares up around you!
The gargoyle hurls a stone arrow at you.
The stone arrow hits you!
The gargoyle is no longer more vulnerable to fire.
The gargoyle hurls a stone arrow at you.
The stone arrow hits you!
The cloud of blastmotes explodes!
The concussive blast engulfs the gargoyle!
The gargoyle is moderately damaged.
You hear a loud, deep croak!
Casting: Volatile Blastmotes (dangerous; 6% risk of failure)
Confirm with . or Enter, or press ? or * to list all spells.
Flames lash the gargoyle but do no damage.
The gargoyle completely misses you.
Casting: Scorch (safe; 1% risk of failure)
Confirm with . or Enter, or press ? or * to list all spells.
You conjure some foxfire!
The gargoyle hits you with a +0 morningstar!!
You die...

...$/∆ .....§... .. ∆ #..!
#........ .. ... #...§.... ..
###.###........ #######..
#.......##############.....#..
#....#...............###...###
#.......+..............##......#.
...#....#...§..v..>...##..##...#.
.. #....#......9@.....#....##..+.
. #....##..>##..v#####..._.#...#
......#...###+####.#....##..##
.#.....#..........#.##..##.....
#..........#..##........
#..........#...###......
#..........#............
##+#####'#######÷#######
.......................


You could see a gargoyle (ally target).

Vanquished Creatures
  Sigmund (D:2)
  A water moccasin (D:5)
  An ogre (D:5)
  2 phantoms (D:5)
  2 scorpions
  4 orc priests
  4 iguanas
  Natasha (thrice) (D:2)
  An orc wizard (D:5)
  A sleepcap (D:5)
  A gnoll (D:1)
  5 adders
  A white imp (D:6)
  3 worms
  2 dart slugs
  16 orcs
  9 endoplasms
  A giant cockroach (D:3)
  2 goblins
  7 hobgoblins
  3 jackals (D:3)
  7 kobolds
  3 quokkas
  6 ball pythons
  4 bats
  5 frilled lizards
  3 rats
98 creatures vanquished.

Vanquished Creatures (others)
  431 foxfires
431 creatures vanquished.

Grand Total: 529 creatures vanquished

Notes
Turn   | Place    | Note
-------+----------+-------------------------------------------
     0 | D:1      | garrulousMonolith the Gnoll Fire Elementalist began the
                  | quest for the Orb.
     0 | D:1      | Reached XP level 1. HP: 13/13 MP: 6/6
   108 | D:1      | Reached XP level 2. HP: 19/19 MP: 4/7
   111 | D:1      | Learned a level 2 spell: Scorch
   563 | D:1      | Reached skill level 5 in Spellcasting
   563 | D:1      | Reached XP level 3. HP: 24/25 MP: 1/9
  1278 | D:2      | Reached skill level 1 in Invocations
  1324 | D:2      | Noticed Natasha
  1337 | D:2      | Killed Natasha
  1338 | D:2      | Reached skill level 1 in Fighting
  1338 | D:2      | Reached skill level 1 in Short Blades
  1338 | D:2      | Reached skill level 1 in Long Blades
  1338 | D:2      | Reached skill level 1 in Axes
  1338 | D:2      | Reached skill level 1 in Maces & Flails
  1338 | D:2      | Reached skill level 1 in Polearms
  1338 | D:2      | Reached skill level 1 in Staves
  1338 | D:2      | Reached skill level 1 in Ranged Weapons
  1338 | D:2      | Reached skill level 1 in Throwing
  1338 | D:2      | Reached skill level 1 in Armour
  1338 | D:2      | Reached skill level 1 in Shields
  1338 | D:2      | Reached skill level 1 in Unarmed Combat
  1338 | D:2      | Reached skill level 1 in Evocations
  1338 | D:2      | Reached XP level 4. HP: 19/32 MP: 0/11
  1577 | D:2      | Found Poqo's Magic Scroll Emporium.
  1604 | D:2      | Bought a scroll of teleportation for 33 gold pieces
  1604 | D:2      | Bought a scroll of identify for 22 gold pieces
  1661 | D:2      | Reached skill level 1 in Hexes
  1661 | D:2      | Reached skill level 1 in Summonings
  1661 | D:2      | Reached skill level 1 in Necromancy
  1661 | D:2      | Reached skill level 1 in Translocations
  1661 | D:2      | Reached skill level 1 in Transmutations
  1661 | D:2      | Reached skill level 1 in Ice Magic
  1661 | D:2      | Reached skill level 1 in Air Magic
  1661 | D:2      | Reached skill level 1 in Earth Magic
  1661 | D:2      | Reached skill level 1 in Poison Magic
  1695 | D:2      | Noticed Sigmund
  1712 | D:2      | Killed Sigmund
  1713 | D:2      | Reached XP level 5. HP: 27/38 MP: 12/12
  1713 | D:2      | Reached XP level 6. HP: 32/44 MP: 14/14
  1714 | D:2      | Noticed Natasha
  1719 | D:2      | Killed Natasha
  1720 | D:2      | Reached skill level 5 in Dodging
  2222 | D:2      | Noticed Natasha
  2237 | D:2      | Killed Natasha
  2691 | D:3      | HP: 2/44 [orc/+0 club (4)]
  2986 | D:3      | Found a hide-covered altar of Uskayaw.
  3700 | D:3      | Found a radiant altar of Vehumet.
  3701 | D:3      | Found a shimmering blue altar of Sif Muna.
  3708 | D:3      | Found a broken altar of Ashenzari.
  3711 | D:3      | Found a sparkling altar of Nemelex Xobeh.
  3712 | D:3      | Became a worshipper of Ashenzari the Shackled
  4116 | D:4      | Found a white marble altar of Elyvilon.
  4210 | D:4      | Found a runed translucent gate.
  4211 | D:4      | Found a runed translucent gate.
  4211 | D:4      | Found a runed translucent gate.
  4212 | D:4      | Noticed olmar's ghost (amateur AtFi)
  4253 | D:4      | Found a burning altar of Makhleb.
  4305 | D:4      | Reached XP level 7. HP: 51/51 MP: 4/15
  4383 | D:4      | Learned a level 3 spell: Volatile Blastmotes
  4965 | D:4      | Found an ancient bone altar of Kikubaaqudgha.
  5065 | D:5      | Entered Level 5 of the Dungeon
  5090 | D:5      | Reached skill level 5 in Stealth
  5805 | D:5      | Reached XP level 8. HP: 35/58 MP: 11/17
  6347 | D:6      | Found a hazy altar of Hepliaklqana.
  6458 | D:6      | Found a shadowy altar of Dithmenos.
  6745 | D:6      | Noticed a gargoyle
  6766 | D:6      | Mangled by a gargoyle

Illustrated notes

Levels and vault maps discovered:
D:1:      dpeg_arrival_simpleton_b, layout_basic, kennysheep_flooded_box
D:2:      layout_basic, serial_shops, shop_scrolls, nicolae_figureground_pulse,
          uniq_sigmund, uniq_natasha
D:3:      layout_basic, nicolae_overflow_macrodata_refinement,
          lemuel_doored_altar
D:4:      layout_loops_ring, kennysheep_mini_moat, old_standard_altar,
          mainiacjoe_overflow_concentric_impassable,
          gammafunk_ghost_nasty_kobolds, dreamdust_mushroom_princess
D:5:      layout_basic, serial_rivers, chequers_serial_rivers_micro_a,
          chequers_serial_rivers_micro_e, chequers_serial_rivers_small_3,
          chequers_serial_rivers_large_a, chequers_serial_rivers_room_a
D:6:      layout_gridville, nicolae_hepliaklqana_hippocampus,
          nicolae_dithmenos_through_a_glass_darkly, minmay_chambers_of_fives,
          uniq_pikel

Skill      XL: |  1  2  3  4  5  6  7  8 |
---------------+-------------------------+-----
Conjurations   | 2 3 |  3.5
Spellcasting   | 5 6 |  6.0
Invocations    | 1 2 3 |  3.6
Fighting       | 1 2 3 |  3.3
Short Blades   | 1 2 3 |  3.3
Long Blades    | 1 2 3 |  3.3
Axes           | 1 2 3 |  3.3
Maces & Flails | 1 2 3 |  3.3
Polearms       | 1 2 3 |  3.3
Staves         | 1 2 3 |  3.3
Ranged Weapons | 1 2 3 |  3.3
Throwing       | 1 2 3 |  3.3
Armour         | 1 2 3 |  3.3
Shields        | 1 2 3 |  3.3
Unarmed Combat | 1 2 3 |  3.3
Evocations     | 1 2 3 |  3.3
Hexes          | 1 2 |  2.7
Summonings     | 1 2 |  2.7
Necromancy     | 1 2 |  2.7
Translocations | 1 2 |  2.7
Transmutations | 1 2 |  2.7
Ice Magic      | 1 2 |  2.7
Air Magic      | 1 2 |  2.7
Earth Magic    | 1 2 |  2.7
Poison Magic   | 1 2 |  2.7
Dodging        | 5 |  5.7
Stealth        | 5 |  5.4
Fire Magic     | 6 |  6.1

Action                     |  1- 3 |  4- 6 |  7- 9 || total
---------------------------+-------+-------+-------++-------
  Melee: Short sword       |       |     1 |     2 ||     3
   Cast: Foxfire           |    54 |   102 |   103 ||   259
         Scorch            |     3 |    14 |    15 ||    32
         Volatile Blastmot |       |       |     2 ||     2
 Invoke: Curse Item        |       |       |     1 ||     1
    Use: Potion            |       |     4 |       ||     4
         Scroll            |       |     4 |     3 ||     7
 Armour: Robe              |     2 |     6 |    32 ||    40
         Leather armour    |       |     1 |       ||     1
  Dodge: Dodged            |    16 |    45 |    54 ||   115

Table legend: (Time is in decaauts)
 A = Elapsed time spent in this place.
 B = Non-inter-level travel time spent in this place.
 C = Inter-level travel time spent in this place.
 D = Time resting spent in this place.
 E = Time spent auto-exploring this place.
 F = Levels seen in this place.
 G = Mean time per level.
                   A        B        C        D        E       F      G
               +--------+--------+--------+--------+--------+-----+--------+
         Total |   6781 |   6632 |    149 |    903 |   4791 |   6 | 1130.2 |
       Dungeon |   6781 |   6632 |    149 |    903 |   4791 |   6 | 1130.2 |
               +--------+--------+--------+--------+--------+-----+--------+

Top non-repeatable levels by time:
     D:3: 1684 daAuts
     D:1: 1262 daAuts
     D:5: 1160 daAuts
     D:2: 1155 daAuts
     D:4: 960 daAuts
     D:6: 557 daAuts
